Frizzbo, neutral female gnomish Wizard --------------- #+.............| #|..............# ------ #|.............|# --.....###########------------.- # |.....| ###########` ###### |......# # # # |....%|# # ################----- #..*..--# # # --|--` #....| ----------- ###------ # # ### |.>.|####|...| |!.!!.*([.| # # # # |{..|# #-<..| |[)?*.).).|### # ------### |...|# |...| |!)*%!!%..|# ### |....-# |...|# |...| |=(.%%?...|# # |....|# |...|####|...| |*/...!=.+|% ###|>...|# ----- ----- |!%(*..?@fGB #.....| ----------- |....| |.[..| ------ Frizzbo the Conjurer Experience level: 4 Strength: 12 Dexterity: 13 Constitution: 10 Intelligence: 18 Wisdom: 14 Charisma: 10 Health: 0(33) Energy: 43(43) Def: 2 Gold: 117 Moves: 2572 Dungeon seed: XEuMW6zayEfnT4jK Game ID: Frizzbo_1465951480 Your Inventory: Coins $ - 117 gold pieces Weapons f - an uncursed +2 aklys (weapon in hand) Armor e - an uncursed +0 cloak of magic resistance (being worn) n - an uncursed +0 orcish helm (being worn) N - an uncursed +0 orcish helm Comestibles F - an uncursed candy bar G - 2 uncursed fortune cookies H - an uncursed sprig of wolfsbane K - 2 uncursed food rations Scrolls j - a blessed scroll of enchant weapon k - an uncursed scroll of create monster l - an uncursed scroll of scare monster p - a cursed scroll of gold detection L - an uncursed scroll of light Spellbooks b - a blessed spellbook of force bolt c - an uncursed spellbook of knock P - an uncursed spellbook of extra healing T - an uncursed spellbook of wizard lock Potions o - an uncursed potion of extra healing s - an uncursed potion of object detection u - an uncursed potion of levitation v - an uncursed potion of invisibility w - an uncursed potion of fruit juice x - an uncursed potion of speed z - an uncursed potion of blindness A - an uncursed potion of water B - an uncursed potion of booze D - an uncursed potion of water I - an uncursed potion of paralysis Rings i - a cursed -1 ring of increase accuracy Tools J - an uncursed credit card M - an uncursed tin opener Q - an uncursed towel Gems q - an uncursed worthless piece of green glass r - an uncursed worthless piece of white glass y - an uncursed worthless piece of black glass Spells and supernatural/magical abilities: Name Level Category Fail Memory a - force bolt 1 attack 0% 88% k - knock 1 matter 0% 88% W - pray for help -- divine ? -- Your skills at the end: Miscellaneous Skills wands [Basic] Weapon Skills dagger [Basic] quarterstaff [Basic] crossbow [Basic] Spellcasting Skills attack spells [Basic] enchantment spells [Basic] Final Attributes: You were devoutly aligned. You were magic-protected. You had infravision. You are dead. Vanquished creatures: a small mimic a shrieker a kobold lord a werejackal 3 hobbits 4 geckos a hobgoblin a yellow mold a gnome zombie a jackal 4 foxes 2 kobolds 5 newts 2 goblins 12 grid bugs 4 lichens 2 kobold zombies 46 creatures vanquished. Voluntary challenges: You did not adorn yourself with jewelry or accessories. You were an atheist. You used a wielded weapon 72 times, starting on turn 67. You did not use tools. You read items or engraved 1 time, starting on turn 1815. You never genocided any monsters. You never polymorphed an object. You never changed form. You used no wishes. You never split a pudding. You never wrote Elbereth's name. You never violated your personal moral code. Dungeon overview: The Dungeons of Doom: levels 1 to 3 Level 1 a long staircase Level 2 a potion shop Level 3 <- You were here a general store, a fountain a long staircase History has recorded: On T:1 you entered the Dungeons of Doom to retrieve the Amulet of Yendor! On T:617 you advanced to experience level 2. On T:660 you reached level 2 of The Dungeons of Doom. On T:986 you advanced to experience level 3. On T:1608 you advanced to experience level 4. On T:1811 you reached level 3 of The Dungeons of Doom. Score breakdown: Gold: 117 ( 11 points) Experience: 4 levels ( 300 points) Exploration: 3 levels ( 60 points) Discoveries: 5 items ( 250 points) Variety of kills: 17 monsters ( 850 points) Major goal: (nothing yet) ( 0 points) Survival: died (score multiplied by 3) Total score: 4413 Latest messages: Taco picks up a parchment spellbook. T - a velvet spellbook. Taco drops a parchment spellbook. Taco picks up a parchment spellbook. Taco drops a parchment spellbook. Taco picks up a parchment spellbook. Taco drops a parchment spellbook. You kill the grid bug! You hear a jackal howling at the moon. Taco picks up a parchment spellbook. Taco drops a parchment spellbook. You hear a jackal howling at the moon. Taco picks up a parchment spellbook. Taco drops a parchment spellbook. The werejackal punches you! You hit the werejackal. The werejackal punches you! You hit the werejackal! The werejackal punches you! You kill the werejackal! The giant bat bites! (3x) You hit the giant bat. The giant bat bites! You die... Asidonhopo gratefully inherits all your possessions. Final status: Goodbye Frizzbo the Wizard, killed by a giant bat... You died in The Dungeons of Doom on dungeon level 3 with 4413 points, and 117 pieces of gold, after 2572 moves. You were level 4 with a maximum of 33 hit points when you died.